 Dungeon Crawl Stone Soup version 0.29.0-4-gdea44cf6ec (webtiles) character file.

Game seed: 16450332676582681431

95627 qw the Brawler (level 15, -9/143 (146) HPs)
             Began as a Troll Cinder Acolyte on Aug 30, 2022.
             Was an Initiate of Ignis.
             Mangled by an orc warlord
             ... wielding a +4 vorpal great sword
              (31 damage)
             ... on level 2 of the Orcish Mines.
             The game lasted 00:13:20 (21516 turns).

qw the Brawler (Troll Cinder Acolyte)              Turns: 21516, Time: 00:13:21

HP:   -9/143 (146)  AC: 24    Str: 35    XL:     15   Next: 66%
MP:   0/15          EV:  8    Int: 16    God:    Ignis [......]
Gold: 1512          SH: 17    Dex: 13    Spells: 16/16 levels left

rFire   + . .      SeeInvis .     - Unarmed
rCold   . . .      Faith    .   u - +0 tower shield
rNeg    + . .      Spirit   +   o - +7 pearl dragon scales
rPois   +          Reflect  .   b - +1 hat of the Snake Pit {Will+}
rElec   .          Harm     .   l - scarf {repulsion}
rCorr   +          Rampage  +   (gloves unavailable)
Will    +....      NoCast   +   (boots unavailable)
Stlth   ..........              v - amulet of the Serpent {Spirit -Cast Rampage +Inv Str+3}
HPRegen 1.93/turn               n - ring "Usetax" {rPois Will- rCorr Int+6 Dex+8}
MPRegen 0.14/turn               k - +4 ring of slaying {mikee}

@: about to teleport, lightly drained, repel missiles
A: large, unfitting armour, claws 3, regeneration 2, shaggy fur 1, tough skin 1,
antennae 1, iridescent scales 1
a: Renounce Religion, Evoke Invisibility, Rising Flame


You were on level 2 of the Orcish Mines.
You worshipped Ignis.
Ignis was noncommittal.
You visited 3 branches of the dungeon, and saw 22 of its levels.

You collected 2789 gold pieces.
You spent 1277 gold pieces at shops.


Innate Abilities, Weirdness & Mutations

You are too large for most types of armour.
You have claws for hands.
You heal very quickly.
You are covered in fur. (AC +1)
You have tough skin. (AC +1)
You have a pair of small antennae on your head.
You are partially covered in iridescent scales. (AC +2)


   Skills:
 - Level 9.0 Fighting
 - Level 8.0 Throwing
 - Level 5.5 Armour
 - Level 4.0 Dodging
 + Level 13.5 Shields
 - Level 19.0 Unarmed Combat
 - Level 1.0 Spellcasting
 - Level 2.1 Fire Magic


You had 16 spell levels left.
You didn't know any spells.
Your spell library contained the following spells:

 Spells                   Type           Power      Damage    Failure   Level
 Scorch                   Fire           14%        2d6       65%         2

Inventory:

Missiles
 d - 25 boomerangs
 w - 14 large rocks (quivered)
Armour
 b - the +1 hat of the Snake Pit (worn) {Will+}
   (You acquired it on level 1 of the Dungeon)

   Will:      It increases your willpower.
 e - a +0 cloak
 l - a scarf of repulsion (worn)
 o - +7 pearl dragon scales (worn)
 u - a +0 tower shield (worn)
Jewellery
 k - a +4 ring of slaying (right claw) {mikee}
 n - the ring "Usetax" (left claw) {rPois Will- rCorr Int+6 Dex+8}
   (You acquired it on level 4 of the Lair of Beasts)

   [ring of intelligence]

   Int:       It affects your intelligence (+6).
   Dex:       It affects your dexterity (+8).
   rPois:     It protects you from poison.
   rCorr:     It protects you from acid and corrosion.
   Will:      It decreases your willpower.
 t - a ring of poison resistance
 v - the amulet of the Serpent (around neck) {Spirit -Cast Rampage +Inv Str+3}
   (You found it on level 10 of the Dungeon)

   [amulet of guardian spirit]

   It causes incoming damage to be divided between your reserves of health and
   magic.
   Str:       It affects your strength (+3).
   +Inv:      It lets you turn invisible.
   -Cast:     It prevents spellcasting.
   Rampage:   It bestows one free step when moving towards enemies.
 Y - a +4 ring of protection
Scrolls
 h - 6 scrolls of teleportation
 j - 18 scrolls of identify
 p - 5 scrolls of enchant weapon
Potions
 a - 4 potions of resistance
 c - 3 potions of mutation
 i - 6 potions of curing
 m - 5 potions of haste
 q - 4 potions of cancellation
 s - 4 potions of might

Dungeon Overview and Level Annotations

Branches:
Dungeon (15/15)            Temple (0/1) D:7            Lair (5/5) D:8
 Shoals (0/4) Lair:2        Snake (0/4) Lair:2        Slime (0/5) Lair:5
    Orc (2/2) D:11         Vaults (0/5) D:13         Depths (0/4) D:15
    Elf: Orc:2

Altars:
Dithmenos
Elyvilon
Fedhas
Gozag
Kikubaaqudgha
Ru
Trog
Uskayaw
Vehumet
Xom
The Shining One
Jiyva

Shops:
D:3 (   D:7 (   D:8 [*(=[?   D:12 (   Orc:2 ?

Annotations:
D:3 1 runed translucent door, Crazy Yiuf
D:5 3 runed translucent doors, qw's ghost, novice TeWr
D:9 1 runed translucent door
Lair:2 1 runed translucent door, qw's ghost, journeyman TrCA
Orc:2 Saint Roka


Message History

The orc warrior goes into a battle-frenzy!
You scratch the orc warrior.
The orc warrior is lightly wounded.
You block the ogre's attack. You block the orc warrior's attack. x2
The orc barely misses you.
The orc wizard shouts!
You claw the orc warrior!
The orc warrior is heavily wounded.
The orc no longer looks unusually strong.
You block the orc warrior's attack.
The orc warrior hits you but does no damage.
The orc warlord roars a battlecry!
The orc goes into a battle-frenzy!
The ogre barely misses you.
You hear a shout!
You barely miss the orc warrior.
The orc warrior is heavily wounded.
You block the orc warrior's attack. x2
You scratch the orc warrior.
The orc warrior is severely wounded.
The orc warlord hits you with a +4 vorpal great sword!!!
You block the ogre's attack.
You scratch the orc warrior.
The orc warrior is severely wounded.
The orc warlord no longer looks unusually strong.
The orc warrior hits you from afar with a +0 trident.
The orc warrior hits you with a +0 flail.
You block the orc warlord's attack.
You eviscerate the orc warrior!!!
You kill the orc warrior!
You block the orc warrior's attack. You block the ogre's attack.
The orc warlord hits you with a +4 vorpal great sword!
You eviscerate the orc warlord!!!
The orc warlord is moderately wounded.
The orc warrior hits you from afar with a +0 trident!!
21516 ||| READING 7 scrolls of teleportation.
As you read the scroll of teleportation, it crumbles to dust.
You feel strangely unstable.
The orc warlord hits you with a +4 vorpal great sword!!
You die...

.... .... ....
.###......
..........
#####.......##.
###o##.#......o..
##o.oo.....##.....
#@oooo.O....#.....
##OoTo............
#####............
##...........
###)#.....$..
.#.o.T........
#...o.o.......
.........)......
#$..............#


You could see 2 orc warlords, a troll, 4 orc warriors, 2 ogres, an orc wizard
(strong) and 3 orcs.

Vanquished Creatures
  Jorgrun (Orc:1)
  A stone giant (D:15)
  An ettin (Orc:1)
  Fannar (Orc:1)
  3 vault guards (D:13)
  A boulder beetle (D:14)
  10 hydras
  A centaur warrior (D:10)
  A catoblepas (D:13)
  7 two-headed ogres
  5 death yaks (Lair:5)
  4 tengu warriors
  Nergalle (D:10)
  5 skeletal warriors (D:14)
  A deep elf archer (D:10)
  3 wizards (D:13)
  A lindwurm (Lair:4)
  5 ugly things
  Pikel (D:7)
  2 deep elf zephyrmancers
  5 orc sorcerers
  3 orc knights (Orc:1)
  2 manticores
  8 elephants (Lair:5)
  3 cyclopes
  A torpor snail (Lair:5)
  Joseph (D:7)
  6 black mambas
  Maggie (D:7)
  5 orange demons (D:15)
  A gargoyle (D:11)
  4 rime drakes
  12 komodo dragons
  8 yaktaurs (D:15)
  A kobold demonologist (D:10)
  An unseen horror zombie (D:8)
  20 cane toads
  An unseen horror (D:10)
  4 red devils (D:15)
  A tengu conjurer (D:14)
  4 polar bears
  A polar bear (shapeshifter) (D:15)
  5 trolls
  A merfolk (D:11)
  10 slime creatures
  Prince Ribbit (D:8)
  4 tyrant leeches (Lair:5)
  28 blink frogs
  6 dream sheep (Lair:5)
  5 shadows
  Sigmund (D:4)
  A vampire (D:12)
  5 wraiths
  33 yaks
  6 wyverns
  Eustachio (D:6)
  19 humans
  3 fire bats (Lair:1)
  6 basilisks
  2 steam dragons
  15 vampire mosquitoes
  3 wargs (Orc:1)
  A harpy simulacrum (D:13)
  Edmund (D:6)
  2 acid dragons
  17 water moccasins
  2 ice beasts
  4 black bears (Lair:1)
  24 orc warriors
  2 sky beasts (D:7)
  16 ogres
  9 wolves
  7 centaurs
  A phantom (D:5)
  2 lemures (D:7)
  19 bullfrogs
  5 kobold brigands
  3 necrophages (D:8)
  2 scorpions
  A gnoll sergeant (D:10)
  8 wights
  3 howler monkeys
  An electric eel (Lair:5)
  A human zombie (D:8)
  A crimson imp (D:11)
  3 centaur zombies (D:8)
  3 hounds
  25 orc priests
  2 jellies
  3 gnoll boudas
  Jessica (D:2)
  Ijyb (D:3)
  Terence (D:3)
  4 iguanas (D:6)
  34 orc wizards
  A killer bee zombie (D:8)
  A mummy (D:8)
  Robin (D:2)
  A howler monkey zombie (D:8)
  22 gnolls
  8 adders
  A shadow imp (D:7)
  3 white imps
  2 worms
  6 dart slugs
  107 orcs
  8 endoplasms
  6 giant cockroaches
  24 goblins
  6 hobgoblins
  4 jackals (D:2)
  26 kobolds
  3 quokkas
  7 ball pythons
  A bat (D:3)
  2 frilled lizards
  9 rats
761 creatures vanquished.

Vanquished Creatures (others)
  A wizard (D:13)
  A gnoll (D:7)
  41 fungi
  94 plants
  14 toadstools (Lair:2)
151 creatures vanquished.

Grand Total: 912 creatures vanquished

Notes
Turn   | Place    | Note
-------+----------+-------------------------------------------
     0 | D:1      | qw the Troll Cinder Acolyte began the quest for the Orb.
     0 | D:1      | Reached XP level 1. HP: 22/22 MP: 1/1
     0 | D:1      | 0 ||| qw: Version: 0.1-a-95-gae9e614
     0 | D:1      | 0 ||| qw: Game counter: 4449
     0 | D:1      | 0 ||| qw: Always use a shield: true
     0 | D:1      | 0 ||| qw: God list: Okawaru
     0 | D:1      | 0 ||| qw: Allow faded altars: false
     0 | D:1      | 0 ||| qw: Do Orc after D:15 true
     0 | D:1      | 0 ||| qw: Do second Lair branch before Depths: true
     0 | D:1      | 0 ||| qw: Lair rune preference: random
     0 | D:1      | 0 ||| qw: Plans: Normal
     0 | D:1      | 0 ||| PLANNING D:1-11
    42 | D:1      | 42 ||| Stepping ~*~*~tactically~*~*~ (stealth).
    47 | D:1      | 47 ||| Stepping ~*~*~tactically~*~*~ (stealth).
   255 | D:1      | Reached XP level 2. HP: 24/29 MP: 2/2
   380 | D:1      | 380 ||| Stepping ~*~*~tactically~*~*~ (hiding).
   492 | D:1      | Found a faded altar of an unknown god.
   520 | D:1      | Reached skill level 4 in Unarmed Combat
   881 | D:1      | 881 ||| READING 2 scrolls labelled YLIURUFE VEHY.
   882 | D:1      | 882 ||| READING scroll labelled RASCHU PYTUL.
   897 | D:1      | 897 ||| READING scroll labelled ORUIPP YCWOU.
   897 | D:1      | Identified a scroll of acquirement
   897 | D:1      | 897 ||| ACQUIRING +1 hat of the Snake Pit {Will+}
   897 | D:1      | Acquired the +1 hat of the Snake Pit {Will+}
   899 | D:1      | 899 ||| UPGRADING to +1 hat of the Snake Pit {Will+}.
   904 | D:1      | 904 ||| READING 3 scrolls labelled IWOTWU XUSO.
   907 | D:1      | 907 ||| READING scroll labelled JALIAFAPHI.
   908 | D:1      | 908 ||| DRINKING 3 clear potions.
   909 | D:1      | 909 ||| DROPPING scroll of poison.
   929 | D:2      | 929 ||| Stepping ~*~*~tactically~*~*~ (stealth).
   938 | D:2      | Reached skill level 1 in Throwing
   938 | D:2      | Reached XP level 3. HP: 36/36 MP: 3/3
   938 | D:2      | 938 ||| Stepping ~*~*~tactically~*~*~ (stealth).
   946 | D:2      | 946 ||| FLEEEEING.
   947 | D:2      | 947 ||| FLEEEEING.
   948 | D:2      | 948 ||| STAIRDANCE
   958 | D:2      | 958 ||| Stepping ~*~*~tactically~*~*~ (stealth).
   967 | D:2      | Noticed Jessica
   968 | D:2      | 968 ||| INVOKING Fiery Armour.
   969 | D:2      | 969 ||| Stepping ~*~*~tactically~*~*~ (outnumbered).
   978 | D:2      | Killed Jessica
   987 | D:2      | You fall into a shaft and drop 2 floors!
  1028 | D:4      | 1028 ||| READING scroll labelled PENKAW RIPRAO.
  1040 | D:3      | 1040 ||| Stepping ~*~*~tactically~*~*~ (stealth).
  1042 | D:3      | Reached XP level 4. HP: 44/44 MP: 4/4
  1144 | D:3      | Reached skill level 5 in Unarmed Combat
  1351 | D:3      | Found a sacrificial altar of Ru.
  1378 | D:3      | 1378 ||| READING scroll labelled EKAPTE BEALA.
  1536 | D:2      | 1536 ||| Stepping ~*~*~tactically~*~*~ (stealth).
  1646 | D:2      | Reached XP level 5. HP: 50/50 MP: 5/5
  1655 | D:2      | 1655 ||| Stepping ~*~*~tactically~*~*~ (stealth).
  1728 | D:2      | 1728 ||| READING scroll of acquirement.
  1728 | D:2      | 1728 ||| ACQUIRING 760 gold pieces
  1728 | D:2      | Acquired 760 gold pieces
  1795 | D:2      | 1795 ||| Stepping ~*~*~tactically~*~*~ (stealth).
  1797 | D:2      | 1797 ||| Stepping ~*~*~tactically~*~*~ (stealth).
  1801 | D:2      | Noticed Robin
  1816 | D:2      | 1816 ||| INVOKING Fiery Armour.
  1817 | D:2      | 1817 ||| Stepping ~*~*~tactically~*~*~ (outnumbered).
  1825 | D:2      | Killed Robin
  1826 | D:2      | 1826 ||| FLEEEEING.
  1827 | D:2      | 1827 ||| FLEEEEING.
  1828 | D:2      | 1828 ||| FLEEEEING.
  1829 | D:2      | 1829 ||| FLEEEEING.
  1830 | D:2      | 1830 ||| FLEEEEING.
  1832 | D:2      | 1832 ||| FLEEEEING.
  1833 | D:2      | 1833 ||| FLEEEEING.
  1834 | D:2      | 1834 ||| FLEEEEING.
  1942 | D:2      | 1942 ||| UPGRADING to ring of positive energy.
  1943 | D:2      | 1943 ||| READING scroll labelled SALAABL MUEGEH.
  1944 | D:2      | 1944 ||| READING 2 scrolls labelled TOITZA GOHUR.
  1945 | D:2      | 1945 ||| READING scroll labelled MISOKO NYG CEA.
  1946 | D:2      | 1946 ||| DRINKING 2 yellow potions.
  1947 | D:2      | 1947 ||| DROPPING potion of attraction.
  1948 | D:2      | 1948 ||| DROPPING scroll of blinking.
  1993 | D:3      | Noticed Terence
  1999 | D:3      | Killed Terence
  2000 | D:3      | Reached skill level 6 in Unarmed Combat
  2130 | D:3      | Noticed Ijyb
  2136 | D:3      | 2136 ||| DRINKING 3 potions of curing.
  2136 | D:3      | 2136 ||| (to cure confusion)
  2139 | D:3      | Killed Ijyb
  2269 | D:3      | Found Ucsuush's Weapon Emporium.
  2480 | D:3      | Found a runed translucent door.
  2481 | D:3      | Noticed Crazy Yiuf
  2632 | D:3      | 2632 ||| DRINKING 2 glowing brown potions.
  2633 | D:3      | 2633 ||| DRINKING 3 red potions.
  2634 | D:3      | 2634 ||| DROPPING potion of flight.
  2635 | D:3      | 2635 ||| DROPPING 2 potions of degeneration.
  2704 | D:4      | 2704 ||| STAIRDANCE
  2849 | D:4      | 2849 ||| Stepping ~*~*~tactically~*~*~ (stealth).
  2937 | D:4      | Noticed Sigmund
  2938 | D:4      | 2938 ||| Stepping ~*~*~tactically~*~*~ (hiding).
  2940 | D:4      | 2940 ||| Stepping ~*~*~tactically~*~*~ (hiding).
  2948 | D:4      | Killed Sigmund
  2949 | D:4      | Reached skill level 7 in Unarmed Combat
  2949 | D:4      | Reached XP level 6. HP: 56/59 MP: 6/6
  2956 | D:4      | 2956 ||| Stepping ~*~*~tactically~*~*~ (hiding).
  2964 | D:4      | 2964 ||| INVOKING Fiery Armour.
  2977 | D:4      | 2977 ||| Stepping ~*~*~tactically~*~*~ (outnumbered).
  3038 | D:4      | 3038 ||| Stepping ~*~*~tactically~*~*~ (hiding).
  3044 | D:4      | 3044 ||| Stepping ~*~*~tactically~*~*~ (stealth).
  3050 | D:4      | Reached XP level 7. HP: 66/66 MP: 7/7
  3052 | D:4      | 3052 ||| Stepping ~*~*~tactically~*~*~ (stealth).
  3053 | D:4      | 3053 ||| Stepping ~*~*~tactically~*~*~ (stealth).
  3054 | D:4      | 3054 ||| Stepping ~*~*~tactically~*~*~ (stealth).
  3056 | D:4      | 3056 ||| Stepping ~*~*~tactically~*~*~ (stealth).
  3057 | D:4      | 3057 ||| Stepping ~*~*~tactically~*~*~ (stealth).
  3061 | D:4      | 3061 ||| Stepping ~*~*~tactically~*~*~ (hiding).
  3062 | D:4      | 3062 ||| Stepping ~*~*~tactically~*~*~ (hiding).
  3075 | D:4      | 3075 ||| Stepping ~*~*~tactically~*~*~ (stealth).
  3076 | D:4      | 3076 ||| DRINKING 2 blue potions.
  3077 | D:4      | 3077 ||| READING 3 scrolls of teleportation.
  3079 | D:4      | 3079 ||| FLEEEEING.
  3157 | D:4      | Reached skill level 8 in Unarmed Combat
  3298 | D:4      | 3298 ||| UPGRADING to +2 pearl dragon scales.
  3313 | D:4      | Reached skill level 1 in Armour
  3313 | D:4      | 3313 ||| DROPPING +0 robe.
  3314 | D:4      | 3314 ||| READING scroll of enchant armour.
  3314 | D:4      | 3314 ||| ENCHANTING +2 pearl dragon scales.
  3544 | D:4      | 3544 ||| UPGRADING to +4 ring of slaying {mikee}.
  3545 | D:4      | 3545 ||| READING 2 scrolls of identify.
  3545 | D:4      | 3545 ||| IDENTIFYING bubbling coppery potion
  3564 | D:5      | Entered Level 5 of the Dungeon
  3569 | D:5      | 3569 ||| INVOKING Fiery Armour.
  3579 | D:5      | Reached skill level 3 in Fighting
  3596 | D:5      | 3596 ||| Stepping ~*~*~tactically~*~*~ (outnumbered).
  3597 | D:5      | 3597 ||| Stepping ~*~*~tactically~*~*~ (outnumbered).
  3598 | D:5      | 3598 ||| Stepping ~*~*~tactically~*~*~ (outnumbered).
  3599 | D:5      | 3599 ||| STAIRDANCE
  3605 | D:5      | 3605 ||| STAIRDANCE
  3645 | D:5      | 3645 ||| Stepping ~*~*~tactically~*~*~ (outnumbered).
  3646 | D:5      | 3646 ||| Stepping ~*~*~tactically~*~*~ (outnumbered).
  3647 | D:5      | 3647 ||| Stepping ~*~*~tactically~*~*~ (outnumbered).
  3651 | D:5      | 3651 ||| Stepping ~*~*~tactically~*~*~ (outnumbered).
  3652 | D:5      | 3652 ||| Stepping ~*~*~tactically~*~*~ (outnumbered).
  3653 | D:5      | 3653 ||| Stepping ~*~*~tactically~*~*~ (outnumbered).
  3654 | D:5      | 3654 ||| Stepping ~*~*~tactically~*~*~ (outnumbered).
  3673 | D:5      | Identified the +0 rapier "Luyq" {drain, rN+}
  3713 | D:5      | 3713 ||| Stepping ~*~*~tactically~*~*~ (stealth).
  3879 | D:5      | Found a runed translucent gate.
  3880 | D:5      | Noticed qw's ghost (novice TeWr)
  3880 | D:5      | Found a runed translucent gate.
  3881 | D:5      | Found a runed translucent gate.
  4109 | D:5      | 4109 ||| Stepping ~*~*~tactically~*~*~ (outnumbered).
  4110 | D:5      | 4110 ||| Stepping ~*~*~tactically~*~*~ (outnumbered).
  4112 | D:5      | 4112 ||| FLEEEEING.
  4113 | D:5      | 4113 ||| FLEEEEING.
  4114 | D:5      | 4114 ||| FLEEEEING.
  4115 | D:5      | 4115 ||| FLEEEEING.
  4220 | D:5      | 4220 ||| Stepping ~*~*~tactically~*~*~ (stealth).
  4222 | D:5      | 4222 ||| Stepping ~*~*~tactically~*~*~ (stealth).
  4238 | D:5      | 4238 ||| Stepping ~*~*~tactically~*~*~ (outnumbered).
  4246 | D:5      | Reached skill level 9 in Unarmed Combat
  4246 | D:5      | Reached XP level 8. HP: 46/75 MP: 8/8
  4406 | D:5      | 4406 ||| DRINKING 2 fuming inky potions.
  4407 | D:5      | 4407 ||| DRINKING 2 dark potions.
  4449 | D:5      | 4449 ||| DROPPING potion of brilliance.
  4450 | D:5      | 4450 ||| DROPPING potion of lignification.
  4469 | D:6      | 4469 ||| Stepping ~*~*~tactically~*~*~ (hiding).
  4474 | D:6      | 4474 ||| Stepping ~*~*~tactically~*~*~ (hiding).
  4479 | D:6      | 4479 ||| Stepping ~*~*~tactically~*~*~ (outnumbered).
  4480 | D:6      | 4480 ||| Stepping ~*~*~tactically~*~*~ (outnumbered).
  4500 | D:6      | 4500 ||| Stepping ~*~*~tactically~*~*~ (stealth).
  4541 | D:6      | Noticed Eustachio
  4547 | D:6      | Killed Eustachio
  4548 | D:6      | Reached skill level 10 in Unarmed Combat
  4579 | D:6      | 4579 ||| Stepping ~*~*~tactically~*~*~ (hiding).
  4773 | D:6      | 4773 ||| Stepping ~*~*~tactically~*~*~ (stealth).
  4778 | D:6      | 4778 ||| Stepping ~*~*~tactically~*~*~ (stealth).
  4779 | D:6      | 4779 ||| Stepping ~*~*~tactically~*~*~ (stealth).
  4825 | D:6      | Identified the +0 leather armour of Elyvilon's Generosity
                  | {Rampage +Inv rC+}
  4839 | D:6      | 4839 ||| Stepping ~*~*~tactically~*~*~ (outnumbered).
  4840 | D:6      | 4840 ||| Stepping ~*~*~tactically~*~*~ (outnumbered).
  4841 | D:6      | 4841 ||| Stepping ~*~*~tactically~*~*~ (outnumbered).
  4845 | D:6      | 4845 ||| Stepping ~*~*~tactically~*~*~ (outnumbered).
  5067 | D:6      | Found a shimmering altar of Xom.
  5072 | D:6      | Noticed Edmund
  5080 | D:6      | Killed Edmund
  5142 | D:6      | 5142 ||| READING scroll labelled QALIHU QOWN.
  5143 | D:6      | 5143 ||| READING 3 scrolls of identify.
  5143 | D:6      | 5143 ||| IDENTIFYING lumpy pink potion
  5144 | D:6      | 5144 ||| READING 2 scrolls of identify.
  5144 | D:6      | 5144 ||| IDENTIFYING purple potion
  5170 | D:7      | 5170 ||| INVOKING Fiery Armour.
  5177 | D:7      | 5177 ||| Stepping ~*~*~tactically~*~*~ (outnumbered).
  5180 | D:7      | Reached XP level 9. HP: 85/85 MP: 9/9
  5188 | D:7      | 5188 ||| Stepping ~*~*~tactically~*~*~ (stealth).
  5191 | D:7      | 5191 ||| Stepping ~*~*~tactically~*~*~ (hiding).
  5273 | D:7      | 5273 ||| Stepping ~*~*~tactically~*~*~ (stealth).
  5275 | D:7      | 5275 ||| Stepping ~*~*~tactically~*~*~ (hiding).
  5276 | D:7      | 5276 ||| Stepping ~*~*~tactically~*~*~ (hiding).
  5306 | D:7      | 5306 ||| Stepping ~*~*~tactically~*~*~ (stealth).
  5322 | D:7      | 5322 ||| Stepping ~*~*~tactically~*~*~ (hiding).
  5323 | D:7      | 5323 ||| Stepping ~*~*~tactically~*~*~ (hiding).
  5342 | D:7      | Found a flagged portal.
  5355 | D:7      | Found a hide-covered altar of Uskayaw.
  5366 | D:7      | Found a staircase to the Ecumenical Temple.
  5380 | D:7      | 5380 ||| Stepping ~*~*~tactically~*~*~ (stealth).
  5392 | D:7      | Reached skill level 11 in Unarmed Combat
  5415 | D:7      | Found Fadgh's Antique Weapon Shoppe.
  5443 | D:7      | 5443 ||| Stepping ~*~*~tactically~*~*~ (stealth).
  5445 | D:7      | 5445 ||| Stepping ~*~*~tactically~*~*~ (hiding).
  5452 | D:7      | Reached skill level 1 in Dodging
  5589 | D:7      | 5589 ||| Stepping ~*~*~tactically~*~*~ (stealth).
  5590 | D:7      | 5590 ||| Stepping ~*~*~tactically~*~*~ (stealth).
  5591 | D:7      | 5591 ||| Stepping ~*~*~tactically~*~*~ (stealth).
  5599 | D:7      | 5599 ||| FLEEEEING.
  5607 | D:7      | 5607 ||| Stepping ~*~*~tactically~*~*~ (hiding).
  5664 | D:7      | Reached skill level 3 in Armour
  5717 | D:7      | 5717 ||| Stepping ~*~*~tactically~*~*~ (hiding).
  5722 | D:7      | Noticed Maggie
  5723 | D:7      | 5723 ||| Stepping ~*~*~tactically~*~*~ (outnumbered).
  5726 | D:7      | 5726 ||| Stepping ~*~*~tactically~*~*~ (hiding).
  5737 | D:7      | Killed Maggie
  5812 | D:7      | 5812 ||| Stepping ~*~*~tactically~*~*~ (stealth).
  5974 | D:7      | 5974 ||| Stepping ~*~*~tactically~*~*~ (stealth).
  5974 | D:7      | Noticed Pikel
  5977 | D:7      | 5977 ||| Stepping ~*~*~tactically~*~*~ (hiding).
  5985 | D:7      | Killed Pikel
  5986 | D:7      | 5986 ||| Stepping ~*~*~tactically~*~*~ (hiding).
  6200 | D:7      | Noticed Joseph
  6201 | D:7      | 6201 ||| FLEEEEING.
  6219 | D:7      | Killed Joseph
  6220 | D:7      | Reached skill level 12 in Unarmed Combat
  6240 | D:7      | 6240 ||| Stepping ~*~*~tactically~*~*~ (stealth).
  6243 | D:7      | 6243 ||| Stepping ~*~*~tactically~*~*~ (stealth).
  6289 | D:7      | 6289 ||| Stepping ~*~*~tactically~*~*~ (stealth).
  6291 | D:7      | 6291 ||| Stepping ~*~*~tactically~*~*~ (hiding).
  6322 | D:7      | 6322 ||| Stepping ~*~*~tactically~*~*~ (stealth).
  6419 | D:7      | 6419 ||| READING 4 scrolls of identify.
  6419 | D:7      | 6419 ||| IDENTIFYING pink potion
  6420 | D:7      | 6420 ||| READING 3 scrolls of identify.
  6420 | D:7      | 6420 ||| IDENTIFYING metallic black potion
  6421 | D:7      | 6421 ||| READING 2 scrolls of identify.
  6421 | D:7      | 6421 ||| IDENTIFYING viscous coppery potion
  6422 | D:7      | 6422 ||| DROPPING potion of berserk rage.
  6423 | D:7      | 6423 ||| DROPPING potion of invisibility.
  6439 | D:7      | 6439 ||| Stepping ~*~*~tactically~*~*~ (stealth).
  6440 | D:7      | 6440 ||| Stepping ~*~*~tactically~*~*~ (stealth).
  6443 | D:7      | 6443 ||| Stepping ~*~*~tactically~*~*~ (stealth).
  6448 | D:7      | 6448 ||| Stepping ~*~*~tactically~*~*~ (stealth).
  6452 | D:7      | 6452 ||| Stepping ~*~*~tactically~*~*~ (stealth).
  6457 | D:7      | Reached XP level 10. HP: 92/94 MP: 10/10
  6470 | D:8      | Found Adwalit's Assorted Antiques.
  6478 | D:8      | 6478 ||| BUYING glowing scarf (232 gold).
  6478 | D:8      | Bought a glowing scarf for 232 gold pieces
  6478 | D:8      | 6478 ||| BUYING potion of might (116 gold).
  6478 | D:8      | Bought a potion of might for 116 gold pieces
  6478 | D:8      | 6478 ||| BUYING potion of mutation (232 gold).
  6478 | D:8      | Bought a potion of mutation for 232 gold pieces
  6478 | D:8      | 6478 ||| BUYING scroll of teleportation (87 gold).
  6478 | D:8      | Bought a scroll of teleportation for 87 gold pieces
  6478 | D:8      | Found Asiuzeq's Antique Armour Boutique.
  6484 | D:8      | Found Hofeare's Weapon Boutique.
  6489 | D:8      | 6489 ||| Stepping ~*~*~tactically~*~*~ (outnumbered).
  6531 | D:8      | 6531 ||| SHOPLISTING faintly glowing storm dragon scales
                  | (1615 gold, have 559).
  6537 | D:8      | Found Mynunig's Armour Boutique.
  6545 | D:8      | 6545 ||| BUYING scarf of repulsion (144 gold).
  6545 | D:8      | Bought a scarf of repulsion for 144 gold pieces
  6549 | D:8      | Found a staircase to the Lair.
  6551 | D:8      | 6551 ||| Stepping ~*~*~tactically~*~*~ (stealth).
  6554 | D:8      | 6554 ||| Stepping ~*~*~tactically~*~*~ (hiding).
  6646 | D:8      | Found Zaunoyleil's One-of-a-Kind Rings.
  6662 | D:8      | 6662 ||| BUYING +3 ring of evasion (336 gold).
  6662 | D:8      | Bought a +3 ring of evasion for 336 gold pieces
  6662 | D:8      | 6662 ||| SHOPLISTING +8 ring of slaying (3200 gold, have
                  | 132).
  6662 | D:8      | 6662 ||| SHOPLISTING ring "Gautom" {rF++ MP+9 Dex-2} (644
                  | gold, have 132).
  6795 | D:8      | Reached skill level 13 in Unarmed Combat
  6892 | D:8      | Noticed Prince Ribbit
  6911 | D:8      | Killed Prince Ribbit
  7122 | D:8      | 7122 ||| Stepping ~*~*~tactically~*~*~ (outnumbered).
  7124 | D:8      | 7124 ||| Stepping ~*~*~tactically~*~*~ (outnumbered).
  7174 | D:8      | 7174 ||| READING scroll of enchant armour.
  7174 | D:8      | 7174 ||| ENCHANTING +3 pearl dragon scales.
  7185 | D:8      | Found Xiet's Magic Scroll Shop.
  7188 | D:8      | 7188 ||| BUYING 3 scrolls of identify (78 gold).
  7188 | D:8      | Bought 3 scrolls of identify for 78 gold pieces
  7188 | D:8      | 7188 ||| SHOPLISTING scroll of enchant armour (97 gold,
                  | have 84).
  7188 | D:8      | 7188 ||| BUYING scroll of identify (26 gold).
  7188 | D:8      | Bought a scroll of identify for 26 gold pieces
  7188 | D:8      | 7188 ||| BUYING scroll of identify (26 gold).
  7188 | D:8      | Bought a scroll of identify for 26 gold pieces
  7188 | D:8      | 7188 ||| SHOPLISTING scroll of teleportation (39 gold, have
                  | 32).
  7288 | D:8      | 7288 ||| Stepping ~*~*~tactically~*~*~ (hiding).
  7432 | D:8      | Found a white marble altar of Elyvilon.
  7528 | D:8      | Found an ancient bone altar of Kikubaaqudgha.
  7637 | D:8      | 7637 ||| PLANNING LAIR
  7637 | D:8      | 7637 ||| DROPPING scarf of invisibility.
  7638 | D:8      | 7638 ||| UPGRADING to scarf of repulsion.
  7643 | D:8      | 7643 ||| DROPPING ring of ice.
  7644 | D:8      | 7644 ||| UPGRADING to +3 ring of evasion.
  7646 | D:8      | 7646 ||| DROPPING ring of positive energy.
  7647 | D:8      | 7647 ||| READING scroll labelled CAANUWYZIN.
  7648 | D:8      | 7648 ||| READING 10 scrolls of identify.
  7648 | D:8      | 7648 ||| IDENTIFYING brown potion
  7723 | Lair:1   | Entered Level 1 of the Lair of Beasts
  7735 | Lair:1   | Noticed a five-headed hydra
  7736 | Lair:1   | 7736 ||| INVOKING Fiery Armour.
  7741 | Lair:1   | Killed a six-headed hydra
  7742 | Lair:1   | Reached skill level 14 in Unarmed Combat
  7750 | Lair:1   | 7750 ||| Stepping ~*~*~tactically~*~*~ (hiding).
  7901 | Lair:1   | 7901 ||| Stepping ~*~*~tactically~*~*~ (stealth).
  7902 | Lair:1   | 7902 ||| Stepping ~*~*~tactically~*~*~ (stealth).
  7905 | Lair:1   | 7905 ||| Stepping ~*~*~tactically~*~*~ (outnumbered).
  7906 | Lair:1   | 7906 ||| Stepping ~*~*~tactically~*~*~ (outnumbered).
  7907 | Lair:1   | 7907 ||| Stepping ~*~*~tactically~*~*~ (outnumbered).
  7908 | Lair:1   | 7908 ||| Stepping ~*~*~tactically~*~*~ (outnumbered).
  7913 | Lair:1   | 7913 ||| Stepping ~*~*~tactically~*~*~ (outnumbered).
  7914 | Lair:1   | 7914 ||| Stepping ~*~*~tactically~*~*~ (outnumbered).
  7917 | Lair:1   | 7917 ||| Stepping ~*~*~tactically~*~*~ (outnumbered).
  7918 | Lair:1   | 7918 ||| Stepping ~*~*~tactically~*~*~ (outnumbered).
  7919 | Lair:1   | 7919 ||| Stepping ~*~*~tactically~*~*~ (outnumbered).
  7920 | Lair:1   | 7920 ||| Stepping ~*~*~tactically~*~*~ (outnumbered).
  7930 | Lair:1   | 7930 ||| INVOKING Fiery Armour.
  7935 | Lair:1   | Reached skill level 6 in Fighting
  7937 | Lair:1   | Reached XP level 11. HP: 101/105 MP: 11/11
  7993 | Lair:1   | 7993 ||| Stepping ~*~*~tactically~*~*~ (stealth).
  8021 | Lair:1   | 8021 ||| Stepping ~*~*~tactically~*~*~ (stealth).
  8027 | Lair:1   | Noticed a five-headed hydra
  8030 | Lair:1   | 8030 ||| Stepping ~*~*~tactically~*~*~ (stealth).
  8035 | Lair:1   | 8035 ||| Stepping ~*~*~tactically~*~*~ (stealth).
  8038 | Lair:1   | Killed an eight-headed hydra
  8042 | Lair:1   | 8042 ||| INVOKING Fiery Armour.
  8048 | Lair:1   | Reached skill level 15 in Unarmed Combat
  8211 | Lair:1   | 8211 ||| INVOKING Fiery Armour.
  8240 | Lair:1   | Noticed a seven-headed hydra
  8247 | Lair:1   | Killed an eight-headed hydra
  8457 | Lair:1   | 8457 ||| Stepping ~*~*~tactically~*~*~ (stealth).
  8462 | Lair:1   | 8462 ||| Stepping ~*~*~tactically~*~*~ (stealth).
  8465 | Lair:1   | 8465 ||| Stepping ~*~*~tactically~*~*~ (stealth).
  8466 | Lair:1   | 8466 ||| Stepping ~*~*~tactically~*~*~ (stealth).
  8607 | Lair:1   | Noticed a six-headed hydra
  8608 | Lair:1   | 8608 ||| INVOKING Fiery Armour.
  8614 | Lair:1   | Killed an eight-headed hydra
  8615 | Lair:1   | Reached skill level 16 in Unarmed Combat
  8827 | Lair:1   | 8827 ||| READING 2 scrolls labelled KUKHLI NIUCEKKU.
  8828 | Lair:1   | 8828 ||| DROPPING scroll of fear.
  8869 | Lair:2   | Found a staircase to the Shoals.
  8877 | Lair:2   | 8877 ||| Stepping ~*~*~tactically~*~*~ (stealth).
  8910 | Lair:2   | 8910 ||| Stepping ~*~*~tactically~*~*~ (stealth).
  8911 | Lair:2   | 8911 ||| Stepping ~*~*~tactically~*~*~ (stealth).
  8941 | Lair:2   | Found a staircase to the Snake Pit.
  8957 | Lair:2   | Found a runed translucent door.
  8970 | Lair:2   | 8970 ||| Stepping ~*~*~tactically~*~*~ (stealth).
  8974 | Lair:2   | 8974 ||| Stepping ~*~*~tactically~*~*~ (hiding).
  8982 | Lair:2   | 8982 ||| DRINKING potion of cancellation.
  8992 | Lair:2   | 8992 ||| FLEEEEING.
  8993 | Lair:2   | 8993 ||| FLEEEEING.
  8994 | Lair:2   | 8994 ||| FLEEEEING.
  8994 | Lair:2   | Noticed qw's ghost (journeyman TrCA)
  8995 | Lair:2   | 8995 ||| FLEEEEING.
  8997 | Lair:2   | 8997 ||| INVOKING Fiery Armour.
  9002 | Lair:2   | 9002 ||| Stepping ~*~*~tactically~*~*~ (outnumbered).
  9010 | Lair:2   | Reached XP level 12. HP: 109/118 MP: 12/12
  9020 | Lair:2   | HP: 22/118 [wolf (8)]
  9021 | Lair:2   | 9021 ||| READING 5 scrolls of teleportation.
  9021 | Lair:2   | HP: 4/118 [komodo dragon (15)]
  9022 | Lair:2   | 9022 ||| DRINKING potion of heal wounds.
  9024 | Lair:2   | 9024 ||| Stepping ~*~*~tactically~*~*~ (outnumbered).
  9024 | Lair:2   | Found a blossoming altar of Fedhas.
  9024 | Lair:2   | HP: 1/118 [poisoned by a cane toad]
  9025 | Lair:2   | 9025 ||| DRINKING 2 potions of curing.
  9025 | Lair:2   | 9025 ||| (to cure poison)
  9267 | Lair:2   | Reached skill level 17 in Unarmed Combat
  9321 | Lair:2   | 9321 ||| INVOKING Fiery Armour.
  9323 | Lair:2   | 9323 ||| Stepping ~*~*~tactically~*~*~ (stealth).
  9405 | Lair:2   | 9405 ||| Stepping ~*~*~tactically~*~*~ (stealth).
  9687 | Lair:2   | 9687 ||| INVOKING Fiery Armour.
  9786 | Lair:2   | 9786 ||| UPGRADING to +4 ring of protection.
  9788 | Lair:2   | 9788 ||| DROPPING +3 ring of evasion.
  9789 | Lair:2   | 9789 ||| READING 11 scrolls of identify.
  9789 | Lair:2   | 9789 ||| IDENTIFYING fuming dark potion
  9790 | Lair:2   | 9790 ||| DROPPING potion of magic.
  9866 | Lair:3   | Identified the +1 pair of gloves "Qoqo" {Regen+ Int+6}
  9948 | Lair:3   | 9948 ||| Stepping ~*~*~tactically~*~*~ (outnumbered).
  9949 | Lair:3   | 9949 ||| Stepping ~*~*~tactically~*~*~ (outnumbered).
  9950 | Lair:3   | 9950 ||| Stepping ~*~*~tactically~*~*~ (outnumbered).
  9951 | Lair:3   | 9951 ||| Stepping ~*~*~tactically~*~*~ (outnumbered).
  9953 | Lair:3   | 9953 ||| Stepping ~*~*~tactically~*~*~ (outnumbered).
  9954 | Lair:3   | 9954 ||| Stepping ~*~*~tactically~*~*~ (outnumbered).
 10060 | Lair:3   | 10060 ||| Stepping ~*~*~tactically~*~*~ (stealth).
 10197 | Lair:3   | 10197 ||| Stepping ~*~*~tactically~*~*~ (stealth).
 10210 | Lair:3   | 10210 ||| Stepping ~*~*~tactically~*~*~ (outnumbered).
 10211 | Lair:3   | 10211 ||| Stepping ~*~*~tactically~*~*~ (outnumbered).
 10212 | Lair:3   | 10212 ||| Stepping ~*~*~tactically~*~*~ (outnumbered).
 10213 | Lair:3   | 10213 ||| Stepping ~*~*~tactically~*~*~ (outnumbered).
 10214 | Lair:3   | 10214 ||| Stepping ~*~*~tactically~*~*~ (outnumbered).
 10552 | Lair:4   | Noticed an eight-headed hydra
 10559 | Lair:4   | Killed a 12-headed hydra
 10560 | Lair:4   | 10560 ||| FLEEEEING.
 10561 | Lair:4   | 10561 ||| FLEEEEING.
 10562 | Lair:4   | 10562 ||| FLEEEEING.
 10563 | Lair:4   | 10563 ||| FLEEEEING.
 10564 | Lair:4   | 10564 ||| FLEEEEING.
 10565 | Lair:4   | 10565 ||| STAIRDANCE
 10613 | Lair:4   | Reached skill level 18 in Unarmed Combat
 10655 | Lair:4   | 10655 ||| READING scroll of acquirement.
 10655 | Lair:4   | 10655 ||| ACQUIRING ring "Usetax" {rPois Will- rCorr Int+6
                  | Dex+8}
 10655 | Lair:4   | Acquired the ring "Usetax" {rPois Will- rCorr Int+6 Dex+8}
 10657 | Lair:4   | 10657 ||| UPGRADING to ring "Usetax" {rPois Will- rCorr
                  | Int+6 Dex+8}.
 10670 | Lair:4   | 10670 ||| Stepping ~*~*~tactically~*~*~ (hiding).
 10803 | Lair:4   | 10803 ||| Stepping ~*~*~tactically~*~*~ (stealth).
 10928 | Lair:4   | 10928 ||| Stepping ~*~*~tactically~*~*~ (outnumbered).
 10930 | Lair:4   | Reached skill level 3 in Dodging
 10995 | Lair:4   | 10995 ||| Stepping ~*~*~tactically~*~*~ (stealth).
 10997 | Lair:4   | 10997 ||| Stepping ~*~*~tactically~*~*~ (stealth).
 11007 | Lair:4   | 11007 ||| Stepping ~*~*~tactically~*~*~ (stealth).
 11153 | Lair:4   | 11153 ||| Stepping ~*~*~tactically~*~*~ (stealth).
 11305 | Lair:4   | 11305 ||| Stepping ~*~*~tactically~*~*~ (stealth).
 11306 | Lair:4   | 11306 ||| Stepping ~*~*~tactically~*~*~ (stealth).
 11310 | Lair:4   | 11310 ||| Stepping ~*~*~tactically~*~*~ (stealth).
 11324 | Lair:4   | 11324 ||| Stepping ~*~*~tactically~*~*~ (outnumbered).
 11325 | Lair:4   | 11325 ||| Stepping ~*~*~tactically~*~*~ (outnumbered).
 11326 | Lair:4   | 11326 ||| Stepping ~*~*~tactically~*~*~ (outnumbered).
 11339 | Lair:4   | Reached XP level 13. HP: 103/127 MP: 13/13
 11570 | Lair:5   | Entered Level 5 of the Lair of Beasts
 11574 | Lair:5   | 11574 ||| STAIRDANCE
 11600 | Lair:5   | Found a shadowy altar of Dithmenos.
 11667 | Lair:5   | 11667 ||| FLEEEEING.
 11725 | Lair:5   | Identified the +1 flail of the Endless March {venom, rPois
                  | rF- rN+}
 11758 | Lair:5   | 11758 ||| Stepping ~*~*~tactically~*~*~ (stealth).
 11786 | Lair:5   | 11786 ||| Stepping ~*~*~tactically~*~*~ (outnumbered).
 11788 | Lair:5   | 11788 ||| Stepping ~*~*~tactically~*~*~ (outnumbered).
 11789 | Lair:5   | 11789 ||| Stepping ~*~*~tactically~*~*~ (outnumbered).
 11793 | Lair:5   | 11793 ||| Stepping ~*~*~tactically~*~*~ (outnumbered).
 11802 | Lair:5   | 11802 ||| Stepping ~*~*~tactically~*~*~ (outnumbered).
 11816 | Lair:5   | Reached skill level 19 in Unarmed Combat
 11948 | Lair:5   | 11948 ||| Stepping ~*~*~tactically~*~*~ (outnumbered).
 11952 | Lair:5   | 11952 ||| Stepping ~*~*~tactically~*~*~ (outnumbered).
 11953 | Lair:5   | 11953 ||| Stepping ~*~*~tactically~*~*~ (outnumbered).
 11957 | Lair:5   | 11957 ||| Stepping ~*~*~tactically~*~*~ (outnumbered).
 11958 | Lair:5   | 11958 ||| Stepping ~*~*~tactically~*~*~ (outnumbered).
 11959 | Lair:5   | 11959 ||| Stepping ~*~*~tactically~*~*~ (outnumbered).
 11961 | Lair:5   | 11961 ||| Stepping ~*~*~tactically~*~*~ (outnumbered).
 11962 | Lair:5   | 11962 ||| Stepping ~*~*~tactically~*~*~ (outnumbered).
 11965 | Lair:5   | 11965 ||| Stepping ~*~*~tactically~*~*~ (outnumbered).
 11966 | Lair:5   | 11966 ||| Stepping ~*~*~tactically~*~*~ (outnumbered).
 11969 | Lair:5   | 11969 ||| Stepping ~*~*~tactically~*~*~ (outnumbered).
 11970 | Lair:5   | 11970 ||| Stepping ~*~*~tactically~*~*~ (outnumbered).
 11971 | Lair:5   | 11971 ||| Stepping ~*~*~tactically~*~*~ (hiding).
 11973 | Lair:5   | 11973 ||| Stepping ~*~*~tactically~*~*~ (outnumbered).
 11976 | Lair:5   | 11976 ||| Stepping ~*~*~tactically~*~*~ (outnumbered).
 11977 | Lair:5   | 11977 ||| Stepping ~*~*~tactically~*~*~ (outnumbered).
 11978 | Lair:5   | 11978 ||| Stepping ~*~*~tactically~*~*~ (outnumbered).
 11985 | Lair:5   | Reached skill level 6 in Throwing
 12055 | Lair:5   | 12055 ||| Stepping ~*~*~tactically~*~*~ (stealth).
 12058 | Lair:5   | 12058 ||| Stepping ~*~*~tactically~*~*~ (stealth).
 12174 | Lair:5   | 12174 ||| FLEEEEING.
 12175 | Lair:5   | 12175 ||| FLEEEEING.
 12176 | Lair:5   | 12176 ||| FLEEEEING.
 12177 | Lair:5   | 12177 ||| FLEEEEING.
 12178 | Lair:5   | 12178 ||| FLEEEEING.
 12179 | Lair:5   | 12179 ||| FLEEEEING.
 12183 | Lair:5   | 12183 ||| FLEEEEING.
 12184 | Lair:5   | 12184 ||| FLEEEEING.
 12185 | Lair:5   | 12185 ||| FLEEEEING.
 12186 | Lair:5   | 12186 ||| FLEEEEING.
 12187 | Lair:5   | 12187 ||| STAIRDANCE
 12189 | Lair:4   | 12189 ||| DROPPING +6 ring of strength.
 12256 | Lair:5   | 12256 ||| Stepping ~*~*~tactically~*~*~ (stealth).
 12258 | Lair:5   | 12258 ||| Stepping ~*~*~tactically~*~*~ (stealth).
 12535 | Lair:5   | 12535 ||| READING scroll of enchant armour.
 12535 | Lair:5   | 12535 ||| ENCHANTING +4 pearl dragon scales.
 12678 | Lair:5   | Found a viscous altar of Jiyva.
 12679 | Lair:5   | 12679 ||| Stepping ~*~*~tactically~*~*~ (stealth).
 12686 | Lair:5   | 12686 ||| Stepping ~*~*~tactically~*~*~ (stealth).
 12699 | Lair:5   | Found a staircase to the Slime Pits.
 12933 | Lair:5   | 12933 ||| PLANNING D:1-11
 13112 | D:9      | 13112 ||| STAIRDANCE
 13120 | D:9      | 13120 ||| STAIRDANCE
 13127 | D:9      | 13127 ||| Stepping ~*~*~tactically~*~*~ (outnumbered).
 13135 | D:9      | 13135 ||| STAIRDANCE
 13172 | D:9      | 13172 ||| Stepping ~*~*~tactically~*~*~ (stealth).
 13175 | D:9      | Reached skill level 9 in Fighting
 13175 | D:9      | Reached XP level 14. HP: 140/140 MP: 14/14
 13201 | D:9      | Found a glowing golden altar of the Shining One.
 13239 | D:9      | 13239 ||| Stepping ~*~*~tactically~*~*~ (stealth).
 13251 | D:9      | 13251 ||| Stepping ~*~*~tactically~*~*~ (outnumbered).
 13299 | D:9      | Identified the +0 kite shield of the Smoking Gods {rPois}
 13401 | D:9      | Found a runed translucent door.
 13403 | D:9      | Found the +3 pair of seven-league boots {Rampage+∞}
 13815 | D:9      | 13815 ||| Stepping ~*~*~tactically~*~*~ (hiding).
 13818 | D:9      | 13818 ||| Stepping ~*~*~tactically~*~*~ (hiding).
 13929 | D:9      | 13929 ||| UPGRADING to +0 kite shield of the Smoking Gods
                  | {rPois}.
 13934 | D:9      | 13934 ||| UPGRADING to +4 ring of protection.
 13951 | D:10     | Entered Level 10 of the Dungeon
 13966 | D:10     | 13966 ||| Stepping ~*~*~tactically~*~*~ (hiding).
 13967 | D:10     | 13967 ||| Stepping ~*~*~tactically~*~*~ (hiding).
 14074 | D:10     | 14074 ||| Stepping ~*~*~tactically~*~*~ (stealth).
 14082 | D:10     | 14082 ||| Stepping ~*~*~tactically~*~*~ (outnumbered).
 14089 | D:10     | Reached skill level 1 in Shields
 14150 | D:10     | 14150 ||| Stepping ~*~*~tactically~*~*~ (hiding).
 14161 | D:10     | Identified the +1 sling of Liusimmu {freeze, *Slow Fly
                  | rPois rC+}
 14167 | D:10     | 14167 ||| Stepping ~*~*~tactically~*~*~ (outnumbered).
 14169 | D:10     | Gained mutation: Armour fits poorly on your strangely
                  | shaped body. [a neqoxec]
 14171 | D:10     | 14171 ||| Stepping ~*~*~tactically~*~*~ (outnumbered).
 14185 | D:10     | Reached skill level 3 in Shields
 14204 | D:10     | 14204 ||| DRINKING 3 potions of mutation.
 14204 | D:10     | Lost mutation: Armour fits poorly on your strangely shaped
                  | body. [potion of mutation]
 14204 | D:10     | Gained mutation: You expend magic power (3 MP) to
                  | strengthen your wands. [potion of mutation]
 14204 | D:10     | Gained mutation: You occasionally lose the ability to read
                  | scrolls when taking damage. [potion of mutation]
 14204 | D:10     | Gained mutation: You heal very quickly. [potion of
                  | mutation]
 14205 | D:10     | 14205 ||| DRINKING 2 potions of mutation.
 14205 | D:10     | Lost mutation: You expend magic power (3 MP) to strengthen
                  | your wands. [potion of mutation]
 14205 | D:10     | Lost mutation: You occasionally lose the ability to read
                  | scrolls when taking damage. [potion of mutation]
 14205 | D:10     | Gained mutation: You are partially covered in iridescent
                  | scales. (AC +2) [potion of mutation]
 14205 | D:10     | Gained mutation: You have a pair of small antennae on your
                  | head. [potion of mutation]
 14214 | D:10     | Identified the amulet of the Serpent {Spirit -Cast Rampage
                  | +Inv Str+3}
 14225 | D:10     | 14225 ||| Stepping ~*~*~tactically~*~*~ (hiding).
 14337 | D:10     | 14337 ||| Stepping ~*~*~tactically~*~*~ (hiding).
 14338 | D:10     | 14338 ||| Stepping ~*~*~tactically~*~*~ (hiding).
 14463 | D:10     | Found a radiant altar of Vehumet.
 14465 | D:10     | Found a bloodstained altar of Trog.
 14470 | D:10     | Found an opulent altar of Gozag.
 14725 | D:10     | Noticed Nergalle
 14728 | D:10     | 14728 ||| Stepping ~*~*~tactically~*~*~ (outnumbered).
 14729 | D:10     | 14729 ||| Stepping ~*~*~tactically~*~*~ (outnumbered).
 14730 | D:10     | 14730 ||| Stepping ~*~*~tactically~*~*~ (outnumbered).
 14731 | D:10     | 14731 ||| Stepping ~*~*~tactically~*~*~ (outnumbered).
 14732 | D:10     | 14732 ||| Stepping ~*~*~tactically~*~*~ (outnumbered).
 14733 | D:10     | 14733 ||| Stepping ~*~*~tactically~*~*~ (outnumbered).
 14751 | D:10     | Killed Nergalle
 14780 | D:10     | 14780 ||| Stepping ~*~*~tactically~*~*~ (stealth).
 14792 | D:10     | 14792 ||| Stepping ~*~*~tactically~*~*~ (outnumbered).
 14821 | D:10     | 14821 ||| Stepping ~*~*~tactically~*~*~ (stealth).
 14990 | D:10     | 14990 ||| UPGRADING to amulet of guardian spirit.
 14995 | D:10     | 14995 ||| UPGRADING to amulet of the Serpent {Spirit -Cast
                  | Rampage +Inv Str+3}.
 15005 | D:10     | 15005 ||| DROPPING amulet of guardian spirit.
 15006 | D:10     | 15006 ||| DROPPING ring of flight.
 15061 | D:11     | 15061 ||| Stepping ~*~*~tactically~*~*~ (outnumbered).
 15062 | D:11     | 15062 ||| Stepping ~*~*~tactically~*~*~ (outnumbered).
 15063 | D:11     | 15063 ||| Stepping ~*~*~tactically~*~*~ (outnumbered).
 15064 | D:11     | 15064 ||| Stepping ~*~*~tactically~*~*~ (outnumbered).
 15066 | D:11     | 15066 ||| Stepping ~*~*~tactically~*~*~ (outnumbered).
 15067 | D:11     | 15067 ||| Stepping ~*~*~tactically~*~*~ (outnumbered).
 15068 | D:11     | 15068 ||| Stepping ~*~*~tactically~*~*~ (outnumbered).
 15069 | D:11     | 15069 ||| Stepping ~*~*~tactically~*~*~ (outnumbered).
 15070 | D:11     | 15070 ||| Stepping ~*~*~tactically~*~*~ (outnumbered).
 15157 | D:11     | 15157 ||| Stepping ~*~*~tactically~*~*~ (hiding).
 15160 | D:11     | 15160 ||| Stepping ~*~*~tactically~*~*~ (hiding).
 15283 | D:11     | 15283 ||| Stepping ~*~*~tactically~*~*~ (stealth).
 15287 | D:11     | 15287 ||| Stepping ~*~*~tactically~*~*~ (outnumbered).
 15290 | D:11     | 15290 ||| FLEEEEING.
 15291 | D:11     | 15291 ||| FLEEEEING.
 15330 | D:11     | Found a staircase to the Orcish Mines.
 15352 | D:11     | 15352 ||| Stepping ~*~*~tactically~*~*~ (hiding).
 15366 | D:11     | 15366 ||| Stepping ~*~*~tactically~*~*~ (stealth).
 15368 | D:11     | 15368 ||| Stepping ~*~*~tactically~*~*~ (hiding).
 15527 | D:11     | Identified the +7 quarterstaff of the Lusting Shark
                  | {vorpal, rC- Str+3 Dex+2}
 15684 | D:11     | 15684 ||| Stepping ~*~*~tactically~*~*~ (stealth).
 15685 | D:11     | 15685 ||| Stepping ~*~*~tactically~*~*~ (stealth).
 15686 | D:11     | 15686 ||| Stepping ~*~*~tactically~*~*~ (stealth).
 15911 | D:11     | 15911 ||| PLANNING D
 15911 | D:11     | 15911 ||| READING 3 scrolls labelled XUNWUAFIUG.
 15912 | D:11     | 15912 ||| READING scroll labelled ICHEDW SOCHYLL.
 15913 | D:11     | 15913 ||| DROPPING 2 scrolls of immolation.
 15983 | D:12     | Found Suydwe's Weapon Shoppe.
 16015 | D:12     | Reached skill level 6 in Shields
 16054 | D:12     | 16054 ||| Stepping ~*~*~tactically~*~*~ (outnumbered).
 16669 | D:12     | 16669 ||| Stepping ~*~*~tactically~*~*~ (hiding).
 16671 | D:12     | 16671 ||| Stepping ~*~*~tactically~*~*~ (hiding).
 16846 | D:13     | 16846 ||| Stepping ~*~*~tactically~*~*~ (outnumbered).
 16850 | D:13     | 16850 ||| Stepping ~*~*~tactically~*~*~ (outnumbered).
 16851 | D:13     | 16851 ||| Stepping ~*~*~tactically~*~*~ (outnumbered).
 16855 | D:13     | 16855 ||| Stepping ~*~*~tactically~*~*~ (outnumbered).
 16856 | D:13     | 16856 ||| Stepping ~*~*~tactically~*~*~ (outnumbered).
 16857 | D:13     | 16857 ||| Stepping ~*~*~tactically~*~*~ (outnumbered).
 16858 | D:13     | 16858 ||| Stepping ~*~*~tactically~*~*~ (outnumbered).
 16859 | D:13     | 16859 ||| Stepping ~*~*~tactically~*~*~ (outnumbered).
 16860 | D:13     | 16860 ||| STAIRDANCE
 16862 | D:12     | 16862 ||| Stepping ~*~*~tactically~*~*~ (outnumbered).
 16863 | D:12     | 16863 ||| Stepping ~*~*~tactically~*~*~ (outnumbered).
 16864 | D:12     | 16864 ||| Stepping ~*~*~tactically~*~*~ (outnumbered).
 16903 | D:13     | 16903 ||| Stepping ~*~*~tactically~*~*~ (outnumbered).
 16932 | D:13     | 16932 ||| Stepping ~*~*~tactically~*~*~ (outnumbered).
 16933 | D:13     | 16933 ||| Stepping ~*~*~tactically~*~*~ (outnumbered).
 16934 | D:13     | 16934 ||| Stepping ~*~*~tactically~*~*~ (outnumbered).
 16935 | D:13     | 16935 ||| Stepping ~*~*~tactically~*~*~ (outnumbered).
 16936 | D:13     | 16936 ||| Stepping ~*~*~tactically~*~*~ (outnumbered).
 16937 | D:13     | 16937 ||| Stepping ~*~*~tactically~*~*~ (outnumbered).
 16948 | D:13     | 16948 ||| Stepping ~*~*~tactically~*~*~ (outnumbered).
 16949 | D:13     | 16949 ||| Stepping ~*~*~tactically~*~*~ (outnumbered).
 16954 | D:13     | 16954 ||| Stepping ~*~*~tactically~*~*~ (outnumbered).
 16981 | D:13     | Found a gate to the Vaults.
 16983 | D:13     | 16983 ||| Stepping ~*~*~tactically~*~*~ (outnumbered).
 17032 | D:13     | Reached skill level 9 in Shields
 17326 | D:13     | 17326 ||| Stepping ~*~*~tactically~*~*~ (cloud).
 17336 | D:13     | 17336 ||| Stepping ~*~*~tactically~*~*~ (hiding).
 17509 | D:13     | 17509 ||| UPGRADING to +0 tower shield.
 17519 | D:13     | 17519 ||| DROPPING +0 kite shield of the Smoking Gods
                  | {rPois}.
 17520 | D:13     | 17520 ||| UPGRADING to ring "Usetax" {rPois Will- rCorr
                  | Int+6 Dex+8}.
 17567 | D:14     | 17567 ||| Stepping ~*~*~tactically~*~*~ (hiding).
 17577 | D:14     | 17577 ||| Stepping ~*~*~tactically~*~*~ (outnumbered).
 17578 | D:14     | 17578 ||| Stepping ~*~*~tactically~*~*~ (stealth).
 17581 | D:14     | 17581 ||| Stepping ~*~*~tactically~*~*~ (outnumbered).
 17582 | D:14     | 17582 ||| Stepping ~*~*~tactically~*~*~ (outnumbered).
 17583 | D:14     | 17583 ||| Stepping ~*~*~tactically~*~*~ (outnumbered).
 17585 | D:14     | 17585 ||| Stepping ~*~*~tactically~*~*~ (outnumbered).
 17586 | D:14     | 17586 ||| Stepping ~*~*~tactically~*~*~ (outnumbered).
 17587 | D:14     | 17587 ||| Stepping ~*~*~tactically~*~*~ (outnumbered).
 17588 | D:14     | 17588 ||| Stepping ~*~*~tactically~*~*~ (outnumbered).
 17589 | D:14     | 17589 ||| Stepping ~*~*~tactically~*~*~ (outnumbered).
 17590 | D:14     | 17590 ||| Stepping ~*~*~tactically~*~*~ (outnumbered).
 17591 | D:14     | 17591 ||| Stepping ~*~*~tactically~*~*~ (outnumbered).
 17761 | D:14     | 17761 ||| Stepping ~*~*~tactically~*~*~ (stealth).
 17786 | D:14     | 17786 ||| Stepping ~*~*~tactically~*~*~ (hiding).
 17787 | D:14     | 17787 ||| Stepping ~*~*~tactically~*~*~ (stealth).
 17827 | D:14     | 17827 ||| Stepping ~*~*~tactically~*~*~ (stealth).
 17828 | D:14     | 17828 ||| Stepping ~*~*~tactically~*~*~ (stealth).
 17862 | D:14     | Reached XP level 15. HP: 146/146 MP: 15/15
 18583 | D:14     | 18583 ||| Stepping ~*~*~tactically~*~*~ (stealth).
 18870 | D:14     | 18870 ||| DROPPING ring of protection from cold.
 18899 | D:15     | Entered Level 15 of the Dungeon
 18948 | D:15     | 18948 ||| READING 2 scrolls of enchant armour.
 18948 | D:15     | 18948 ||| ENCHANTING +5 pearl dragon scales.
 18949 | D:15     | 18949 ||| READING scroll of enchant armour.
 18949 | D:15     | 18949 ||| ENCHANTING +6 pearl dragon scales.
 19057 | D:15     | Found a hide-covered altar of Uskayaw.
 19124 | D:15     | 19124 ||| Stepping ~*~*~tactically~*~*~ (outnumbered).
 19126 | D:15     | 19126 ||| Stepping ~*~*~tactically~*~*~ (hiding).
 19129 | D:15     | 19129 ||| Stepping ~*~*~tactically~*~*~ (outnumbered).
 19946 | D:15     | Found a staircase to the Depths.
 20060 | D:15     | 20060 ||| PLANNING ORC
 20190 | Orc:1    | Entered Level 1 of the Orcish Mines
 20195 | Orc:1    | 20195 ||| Stepping ~*~*~tactically~*~*~ (outnumbered).
 20197 | Orc:1    | 20197 ||| Stepping ~*~*~tactically~*~*~ (outnumbered).
 20226 | Orc:1    | Reached skill level 12 in Shields
 20226 | Orc:1    | 20226 ||| Stepping ~*~*~tactically~*~*~ (outnumbered).
 20227 | Orc:1    | 20227 ||| Stepping ~*~*~tactically~*~*~ (outnumbered).
 20230 | Orc:1    | 20230 ||| Stepping ~*~*~tactically~*~*~ (outnumbered).
 20231 | Orc:1    | 20231 ||| Stepping ~*~*~tactically~*~*~ (outnumbered).
 20232 | Orc:1    | 20232 ||| Stepping ~*~*~tactically~*~*~ (outnumbered).
 20264 | Orc:1    | Noticed Jorgrun
 20271 | Orc:1    | Killed Jorgrun
 20276 | Orc:1    | 20276 ||| Stepping ~*~*~tactically~*~*~ (outnumbered).
 20277 | Orc:1    | 20277 ||| Stepping ~*~*~tactically~*~*~ (outnumbered).
 20278 | Orc:1    | 20278 ||| Stepping ~*~*~tactically~*~*~ (outnumbered).
 20280 | Orc:1    | 20280 ||| Stepping ~*~*~tactically~*~*~ (outnumbered).
 20281 | Orc:1    | 20281 ||| Stepping ~*~*~tactically~*~*~ (outnumbered).
 20282 | Orc:1    | 20282 ||| Stepping ~*~*~tactically~*~*~ (outnumbered).
 20283 | Orc:1    | 20283 ||| Stepping ~*~*~tactically~*~*~ (outnumbered).
 20285 | Orc:1    | 20285 ||| Stepping ~*~*~tactically~*~*~ (outnumbered).
 20286 | Orc:1    | 20286 ||| Stepping ~*~*~tactically~*~*~ (outnumbered).
 20287 | Orc:1    | 20287 ||| Stepping ~*~*~tactically~*~*~ (outnumbered).
 20290 | Orc:1    | 20290 ||| Stepping ~*~*~tactically~*~*~ (outnumbered).
 20291 | Orc:1    | 20291 ||| Stepping ~*~*~tactically~*~*~ (outnumbered).
 20407 | Orc:1    | 20407 ||| Stepping ~*~*~tactically~*~*~ (stealth).
 20408 | Orc:1    | 20408 ||| Stepping ~*~*~tactically~*~*~ (stealth).
 20411 | Orc:1    | 20411 ||| Stepping ~*~*~tactically~*~*~ (stealth).
 20413 | Orc:1    | 20413 ||| Stepping ~*~*~tactically~*~*~ (hiding).
 20421 | Orc:1    | 20421 ||| Stepping ~*~*~tactically~*~*~ (hiding).
 20436 | Orc:1    | 20436 ||| Stepping ~*~*~tactically~*~*~ (outnumbered).
 20440 | Orc:1    | 20440 ||| Stepping ~*~*~tactically~*~*~ (outnumbered).
 20474 | Orc:1    | 20474 ||| Stepping ~*~*~tactically~*~*~ (hiding).
 20475 | Orc:1    | 20475 ||| Stepping ~*~*~tactically~*~*~ (hiding).
 20489 | Orc:1    | Noticed Fannar
 20495 | Orc:1    | 20495 ||| Stepping ~*~*~tactically~*~*~ (outnumbered).
 20501 | Orc:1    | Killed Fannar
 20508 | Orc:1    | 20508 ||| Stepping ~*~*~tactically~*~*~ (outnumbered).
 20512 | Orc:1    | 20512 ||| Stepping ~*~*~tactically~*~*~ (outnumbered).
 20513 | Orc:1    | 20513 ||| Stepping ~*~*~tactically~*~*~ (hiding).
 20515 | Orc:1    | 20515 ||| Stepping ~*~*~tactically~*~*~ (outnumbered).
 20516 | Orc:1    | 20516 ||| Stepping ~*~*~tactically~*~*~ (outnumbered).
 20517 | Orc:1    | 20517 ||| Stepping ~*~*~tactically~*~*~ (outnumbered).
 20518 | Orc:1    | 20518 ||| Stepping ~*~*~tactically~*~*~ (outnumbered).
 20522 | Orc:1    | 20522 ||| Stepping ~*~*~tactically~*~*~ (outnumbered).
 20523 | Orc:1    | 20523 ||| Stepping ~*~*~tactically~*~*~ (outnumbered).
 20524 | Orc:1    | 20524 ||| Stepping ~*~*~tactically~*~*~ (outnumbered).
 20525 | Orc:1    | 20525 ||| Stepping ~*~*~tactically~*~*~ (outnumbered).
 20526 | Orc:1    | 20526 ||| Stepping ~*~*~tactically~*~*~ (outnumbered).
 20589 | Orc:1    | Found a bloodstained altar of Trog.
 20788 | Orc:2    | Entered Level 2 of the Orcish Mines
 20788 | Orc:2    | Noticed an orc warlord
 20789 | Orc:2    | 20789 ||| STAIRDANCE
 20794 | Orc:2    | 20794 ||| STAIRDANCE
 20796 | Orc:1    | 20796 ||| Stepping ~*~*~tactically~*~*~ (outnumbered).
 20798 | Orc:1    | 20798 ||| Stepping ~*~*~tactically~*~*~ (outnumbered).
 20799 | Orc:1    | 20799 ||| Stepping ~*~*~tactically~*~*~ (outnumbered).
 20808 | Orc:2    | Noticed Saint Roka
 20809 | Orc:2    | 20809 ||| STAIRDANCE
 20815 | Orc:1    | 20815 ||| Stepping ~*~*~tactically~*~*~ (outnumbered).
 20816 | Orc:1    | 20816 ||| Stepping ~*~*~tactically~*~*~ (outnumbered).
 20818 | Orc:1    | 20818 ||| Stepping ~*~*~tactically~*~*~ (outnumbered).
 20820 | Orc:1    | 20820 ||| Stepping ~*~*~tactically~*~*~ (outnumbered).
 20821 | Orc:1    | 20821 ||| Stepping ~*~*~tactically~*~*~ (outnumbered).
 20822 | Orc:1    | 20822 ||| Stepping ~*~*~tactically~*~*~ (outnumbered).
 20823 | Orc:1    | 20823 ||| Stepping ~*~*~tactically~*~*~ (outnumbered).
 20824 | Orc:1    | 20824 ||| Stepping ~*~*~tactically~*~*~ (outnumbered).
 20825 | Orc:1    | 20825 ||| Stepping ~*~*~tactically~*~*~ (outnumbered).
 20826 | Orc:1    | 20826 ||| Stepping ~*~*~tactically~*~*~ (outnumbered).
 20827 | Orc:1    | 20827 ||| Stepping ~*~*~tactically~*~*~ (outnumbered).
 20828 | Orc:1    | 20828 ||| Stepping ~*~*~tactically~*~*~ (outnumbered).
 20831 | Orc:1    | 20831 ||| Stepping ~*~*~tactically~*~*~ (outnumbered).
 20860 | Orc:2    | 20860 ||| STAIRDANCE
 20862 | Orc:1    | 20862 ||| Stepping ~*~*~tactically~*~*~ (outnumbered).
 20863 | Orc:1    | 20863 ||| Stepping ~*~*~tactically~*~*~ (outnumbered).
 20865 | Orc:1    | 20865 ||| Stepping ~*~*~tactically~*~*~ (outnumbered).
 20866 | Orc:1    | 20866 ||| Stepping ~*~*~tactically~*~*~ (outnumbered).
 20867 | Orc:1    | 20867 ||| Stepping ~*~*~tactically~*~*~ (outnumbered).
 20868 | Orc:1    | 20868 ||| Stepping ~*~*~tactically~*~*~ (outnumbered).
 20870 | Orc:1    | 20870 ||| Stepping ~*~*~tactically~*~*~ (outnumbered).
 20874 | Orc:1    | 20874 ||| Stepping ~*~*~tactically~*~*~ (outnumbered).
 20876 | Orc:1    | 20876 ||| Stepping ~*~*~tactically~*~*~ (outnumbered).
 20877 | Orc:1    | 20877 ||| Stepping ~*~*~tactically~*~*~ (outnumbered).
 20878 | Orc:1    | 20878 ||| Stepping ~*~*~tactically~*~*~ (outnumbered).
 20879 | Orc:1    | 20879 ||| Stepping ~*~*~tactically~*~*~ (outnumbered).
 20880 | Orc:1    | 20880 ||| Stepping ~*~*~tactically~*~*~ (outnumbered).
 20925 | Orc:2    | 20925 ||| STAIRDANCE
 20927 | Orc:1    | 20927 ||| Stepping ~*~*~tactically~*~*~ (outnumbered).
 20928 | Orc:1    | 20928 ||| Stepping ~*~*~tactically~*~*~ (outnumbered).
 20931 | Orc:1    | 20931 ||| Stepping ~*~*~tactically~*~*~ (outnumbered).
 20932 | Orc:1    | 20932 ||| Stepping ~*~*~tactically~*~*~ (outnumbered).
 20933 | Orc:1    | 20933 ||| Stepping ~*~*~tactically~*~*~ (outnumbered).
 20934 | Orc:1    | 20934 ||| Stepping ~*~*~tactically~*~*~ (outnumbered).
 20935 | Orc:1    | 20935 ||| Stepping ~*~*~tactically~*~*~ (outnumbered).
 20936 | Orc:1    | 20936 ||| Stepping ~*~*~tactically~*~*~ (outnumbered).
 20937 | Orc:1    | 20937 ||| Stepping ~*~*~tactically~*~*~ (outnumbered).
 20938 | Orc:1    | 20938 ||| Stepping ~*~*~tactically~*~*~ (outnumbered).
 20939 | Orc:1    | 20939 ||| Stepping ~*~*~tactically~*~*~ (outnumbered).
 20940 | Orc:1    | 20940 ||| Stepping ~*~*~tactically~*~*~ (outnumbered).
 20941 | Orc:1    | 20941 ||| Stepping ~*~*~tactically~*~*~ (outnumbered).
 20942 | Orc:1    | 20942 ||| Stepping ~*~*~tactically~*~*~ (outnumbered).
 20977 | Orc:2    | 20977 ||| STAIRDANCE
 20979 | Orc:1    | 20979 ||| Stepping ~*~*~tactically~*~*~ (outnumbered).
 20980 | Orc:1    | 20980 ||| Stepping ~*~*~tactically~*~*~ (outnumbered).
 20981 | Orc:1    | 20981 ||| Stepping ~*~*~tactically~*~*~ (outnumbered).
 20982 | Orc:1    | 20982 ||| Stepping ~*~*~tactically~*~*~ (outnumbered).
 20983 | Orc:1    | 20983 ||| Stepping ~*~*~tactically~*~*~ (outnumbered).
 20984 | Orc:1    | 20984 ||| Stepping ~*~*~tactically~*~*~ (outnumbered).
 20985 | Orc:1    | 20985 ||| Stepping ~*~*~tactically~*~*~ (outnumbered).
 20986 | Orc:1    | 20986 ||| Stepping ~*~*~tactically~*~*~ (outnumbered).
 20987 | Orc:1    | 20987 ||| Stepping ~*~*~tactically~*~*~ (outnumbered).
 20988 | Orc:1    | 20988 ||| Stepping ~*~*~tactically~*~*~ (outnumbered).
 20989 | Orc:1    | 20989 ||| Stepping ~*~*~tactically~*~*~ (outnumbered).
 21008 | Orc:2    | 21008 ||| STAIRDANCE
 21010 | Orc:1    | 21010 ||| Stepping ~*~*~tactically~*~*~ (outnumbered).
 21011 | Orc:1    | 21011 ||| Stepping ~*~*~tactically~*~*~ (outnumbered).
 21012 | Orc:1    | 21012 ||| Stepping ~*~*~tactically~*~*~ (outnumbered).
 21013 | Orc:1    | 21013 ||| Stepping ~*~*~tactically~*~*~ (outnumbered).
 21014 | Orc:1    | 21014 ||| Stepping ~*~*~tactically~*~*~ (outnumbered).
 21053 | Orc:2    | 21053 ||| STAIRDANCE
 21055 | Orc:1    | 21055 ||| Stepping ~*~*~tactically~*~*~ (outnumbered).
 21056 | Orc:1    | 21056 ||| Stepping ~*~*~tactically~*~*~ (outnumbered).
 21057 | Orc:1    | 21057 ||| Stepping ~*~*~tactically~*~*~ (outnumbered).
 21058 | Orc:1    | 21058 ||| Stepping ~*~*~tactically~*~*~ (outnumbered).
 21059 | Orc:1    | 21059 ||| Stepping ~*~*~tactically~*~*~ (outnumbered).
 21060 | Orc:1    | 21060 ||| Stepping ~*~*~tactically~*~*~ (outnumbered).
 21061 | Orc:1    | 21061 ||| Stepping ~*~*~tactically~*~*~ (outnumbered).
 21062 | Orc:1    | 21062 ||| Stepping ~*~*~tactically~*~*~ (outnumbered).
 21063 | Orc:1    | 21063 ||| Stepping ~*~*~tactically~*~*~ (outnumbered).
 21064 | Orc:1    | 21064 ||| Stepping ~*~*~tactically~*~*~ (outnumbered).
 21065 | Orc:1    | 21065 ||| Stepping ~*~*~tactically~*~*~ (outnumbered).
 21066 | Orc:1    | 21066 ||| Stepping ~*~*~tactically~*~*~ (outnumbered).
 21067 | Orc:1    | 21067 ||| Stepping ~*~*~tactically~*~*~ (outnumbered).
 21068 | Orc:1    | 21068 ||| Stepping ~*~*~tactically~*~*~ (outnumbered).
 21069 | Orc:1    | 21069 ||| Stepping ~*~*~tactically~*~*~ (outnumbered).
 21070 | Orc:1    | 21070 ||| Stepping ~*~*~tactically~*~*~ (outnumbered).
 21096 | Orc:2    | 21096 ||| Stepping ~*~*~tactically~*~*~ (hiding).
 21104 | Orc:2    | 21104 ||| Stepping ~*~*~tactically~*~*~ (hiding).
 21111 | Orc:2    | 21111 ||| Stepping ~*~*~tactically~*~*~ (outnumbered).
 21121 | Orc:2    | Paralysed by an orc sorcerer for 2 turns
 21124 | Orc:2    | 21124 ||| Stepping ~*~*~tactically~*~*~ (outnumbered).
 21126 | Orc:2    | 21126 ||| Stepping ~*~*~tactically~*~*~ (outnumbered).
 21127 | Orc:2    | 21127 ||| Stepping ~*~*~tactically~*~*~ (outnumbered).
 21128 | Orc:2    | 21128 ||| Stepping ~*~*~tactically~*~*~ (outnumbered).
 21129 | Orc:2    | 21129 ||| Stepping ~*~*~tactically~*~*~ (outnumbered).
 21130 | Orc:2    | 21130 ||| Stepping ~*~*~tactically~*~*~ (outnumbered).
 21131 | Orc:2    | 21131 ||| Stepping ~*~*~tactically~*~*~ (outnumbered).
 21132 | Orc:2    | 21132 ||| Stepping ~*~*~tactically~*~*~ (outnumbered).
 21133 | Orc:2    | 21133 ||| Stepping ~*~*~tactically~*~*~ (outnumbered).
 21133 | Orc:2    | Found Exucw's Magic Scroll Shop.
 21134 | Orc:2    | 21134 ||| Stepping ~*~*~tactically~*~*~ (outnumbered).
 21135 | Orc:2    | 21135 ||| Stepping ~*~*~tactically~*~*~ (outnumbered).
 21136 | Orc:2    | 21136 ||| Stepping ~*~*~tactically~*~*~ (outnumbered).
 21137 | Orc:2    | 21137 ||| Stepping ~*~*~tactically~*~*~ (outnumbered).
 21138 | Orc:2    | 21138 ||| Stepping ~*~*~tactically~*~*~ (outnumbered).
 21139 | Orc:2    | 21139 ||| Stepping ~*~*~tactically~*~*~ (outnumbered).
 21140 | Orc:2    | 21140 ||| Stepping ~*~*~tactically~*~*~ (outnumbered).
 21141 | Orc:2    | 21141 ||| Stepping ~*~*~tactically~*~*~ (outnumbered).
 21142 | Orc:2    | 21142 ||| Stepping ~*~*~tactically~*~*~ (outnumbered).
 21150 | Orc:2    | 21150 ||| Stepping ~*~*~tactically~*~*~ (outnumbered).
 21152 | Orc:2    | 21152 ||| Stepping ~*~*~tactically~*~*~ (outnumbered).
 21153 | Orc:2    | 21153 ||| Stepping ~*~*~tactically~*~*~ (outnumbered).
 21154 | Orc:2    | 21154 ||| Stepping ~*~*~tactically~*~*~ (outnumbered).
 21161 | Orc:2    | HP: 27/146 [two-headed ogre/+0 giant spiked club (19)]
 21162 | Orc:2    | 21162 ||| READING 14 scrolls of teleportation.
 21163 | Orc:2    | 21163 ||| DRINKING 5 potions of heal wounds.
 21166 | Orc:2    | 21166 ||| Stepping ~*~*~tactically~*~*~ (outnumbered).
 21166 | Orc:2    | HP: 32/146 [two-headed ogre/+0 giant spiked club (8)]
 21167 | Orc:2    | 21167 ||| DRINKING 4 potions of heal wounds.
 21180 | Orc:2    | 21180 ||| Stepping ~*~*~tactically~*~*~ (outnumbered).
 21181 | Orc:2    | 21181 ||| Stepping ~*~*~tactically~*~*~ (outnumbered).
 21182 | Orc:2    | 21182 ||| Stepping ~*~*~tactically~*~*~ (outnumbered).
 21183 | Orc:2    | 21183 ||| Stepping ~*~*~tactically~*~*~ (outnumbered).
 21184 | Orc:2    | 21184 ||| Stepping ~*~*~tactically~*~*~ (outnumbered).
 21185 | Orc:2    | 21185 ||| Stepping ~*~*~tactically~*~*~ (outnumbered).
 21186 | Orc:2    | HP: 35/146 [two-headed ogre/+0 giant spiked club (18)]
 21187 | Orc:2    | 21187 ||| READING 13 scrolls of teleportation.
 21188 | Orc:2    | 21188 ||| DRINKING 3 potions of heal wounds.
 21189 | Orc:2    | 21189 ||| Stepping ~*~*~tactically~*~*~ (outnumbered).
 21191 | Orc:2    | 21191 ||| Stepping ~*~*~tactically~*~*~ (outnumbered).
 21193 | Orc:2    | 21193 ||| FLEEEEING.
 21194 | Orc:2    | 21194 ||| FLEEEEING.
 21195 | Orc:2    | 21195 ||| FLEEEEING.
 21196 | Orc:2    | 21196 ||| FLEEEEING.
 21197 | Orc:2    | 21197 ||| FLEEEEING.
 21198 | Orc:2    | 21198 ||| FLEEEEING.
 21199 | Orc:2    | 21199 ||| STAIRDANCE
 21304 | Orc:2    | 21304 ||| Stepping ~*~*~tactically~*~*~ (stealth).
 21307 | Orc:2    | 21307 ||| Stepping ~*~*~tactically~*~*~ (stealth).
 21308 | Orc:2    | 21308 ||| Stepping ~*~*~tactically~*~*~ (hiding).
 21311 | Orc:2    | 21311 ||| Stepping ~*~*~tactically~*~*~ (outnumbered).
 21313 | Orc:2    | 21313 ||| Stepping ~*~*~tactically~*~*~ (outnumbered).
 21315 | Orc:2    | 21315 ||| Stepping ~*~*~tactically~*~*~ (outnumbered).
 21317 | Orc:2    | 21317 ||| Stepping ~*~*~tactically~*~*~ (outnumbered).
 21318 | Orc:2    | 21318 ||| Stepping ~*~*~tactically~*~*~ (outnumbered).
 21319 | Orc:2    | 21319 ||| Stepping ~*~*~tactically~*~*~ (outnumbered).
 21320 | Orc:2    | 21320 ||| Stepping ~*~*~tactically~*~*~ (outnumbered).
 21321 | Orc:2    | 21321 ||| Stepping ~*~*~tactically~*~*~ (outnumbered).
 21322 | Orc:2    | 21322 ||| Stepping ~*~*~tactically~*~*~ (outnumbered).
 21322 | Orc:2    | HP: 36/146 [Saint Roka/divine providence (12)]
 21323 | Orc:2    | 21323 ||| READING 12 scrolls of teleportation.
 21324 | Orc:2    | 21324 ||| DRINKING 2 potions of heal wounds.
 21325 | Orc:2    | 21325 ||| Stepping ~*~*~tactically~*~*~ (outnumbered).
 21326 | Orc:2    | 21326 ||| Stepping ~*~*~tactically~*~*~ (outnumbered).
 21327 | Orc:2    | HP: 33/146 [orc priest/divine providence (12)]
 21328 | Orc:2    | 21328 ||| DRINKING potion of heal wounds.
 21330 | Orc:2    | Paralysed by an ogre mage for 3 turns
 21338 | Orc:2    | HP: 25/146 [something/bolt of magma (17)]
 21339 | Orc:2    | 21339 ||| READING 11 scrolls of teleportation.
 21343 | Orc:2    | 21343 ||| READING 10 scrolls of teleportation.
 21344 | Orc:2    | HP: 16/146 [two-headed ogre/+0 giant club (14)]
 21347 | Orc:2    | 21347 ||| READING 9 scrolls of teleportation.
 21348 | Orc:2    | 21348 ||| Stepping ~*~*~tactically~*~*~ (outnumbered).
 21348 | Orc:2    | HP: 6/146 [orc warlord/+4 vorpal great sword (4)]
 21349 | Orc:2    | 21349 ||| Stepping ~*~*~tactically~*~*~ (outnumbered).
 21350 | Orc:2    | 21350 ||| Stepping ~*~*~tactically~*~*~ (outnumbered).
 21351 | Orc:2    | 21351 ||| READING 8 scrolls of teleportation.
 21370 | Orc:2    | 21370 ||| FLEEEEING.
 21371 | Orc:2    | 21371 ||| FLEEEEING.
 21372 | Orc:2    | 21372 ||| FLEEEEING.
 21373 | Orc:2    | 21373 ||| FLEEEEING.
 21375 | Orc:2    | 21375 ||| STAIRDANCE
 21462 | Orc:2    | 21462 ||| Stepping ~*~*~tactically~*~*~ (outnumbered).
 21463 | Orc:2    | 21463 ||| Stepping ~*~*~tactically~*~*~ (outnumbered).
 21464 | Orc:2    | 21464 ||| Stepping ~*~*~tactically~*~*~ (outnumbered).
 21465 | Orc:2    | 21465 ||| Stepping ~*~*~tactically~*~*~ (outnumbered).
 21470 | Orc:2    | Noticed an orc warlord
 21476 | Orc:2    | 21476 ||| Stepping ~*~*~tactically~*~*~ (outnumbered).
 21477 | Orc:2    | 21477 ||| Stepping ~*~*~tactically~*~*~ (outnumbered).
 21478 | Orc:2    | 21478 ||| Stepping ~*~*~tactically~*~*~ (outnumbered).
 21479 | Orc:2    | 21479 ||| Stepping ~*~*~tactically~*~*~ (outnumbered).
 21480 | Orc:2    | 21480 ||| Stepping ~*~*~tactically~*~*~ (outnumbered).
 21482 | Orc:2    | 21482 ||| Stepping ~*~*~tactically~*~*~ (outnumbered).
 21484 | Orc:2    | 21484 ||| Stepping ~*~*~tactically~*~*~ (outnumbered).
 21485 | Orc:2    | 21485 ||| Stepping ~*~*~tactically~*~*~ (outnumbered).
 21489 | Orc:2    | 21489 ||| Stepping ~*~*~tactically~*~*~ (outnumbered).
 21490 | Orc:2    | 21490 ||| Stepping ~*~*~tactically~*~*~ (outnumbered).
 21491 | Orc:2    | 21491 ||| Stepping ~*~*~tactically~*~*~ (outnumbered).
 21492 | Orc:2    | 21492 ||| Stepping ~*~*~tactically~*~*~ (outnumbered).
 21493 | Orc:2    | 21493 ||| Stepping ~*~*~tactically~*~*~ (outnumbered).
 21495 | Orc:2    | 21495 ||| Stepping ~*~*~tactically~*~*~ (outnumbered).
 21496 | Orc:2    | 21496 ||| Stepping ~*~*~tactically~*~*~ (outnumbered).
 21497 | Orc:2    | 21497 ||| Stepping ~*~*~tactically~*~*~ (outnumbered).
 21499 | Orc:2    | 21499 ||| Stepping ~*~*~tactically~*~*~ (outnumbered).
 21500 | Orc:2    | 21500 ||| Stepping ~*~*~tactically~*~*~ (outnumbered).
 21501 | Orc:2    | 21501 ||| Stepping ~*~*~tactically~*~*~ (outnumbered).
 21515 | Orc:2    | HP: 20/143 [orc warrior/+0 trident[an orc warlord] (20)]
 21516 | Orc:2    | 21516 ||| READING 7 scrolls of teleportation.
 21516 | Orc:2    | Mangled by an orc warlord

Levels and vault maps discovered:
D:1:      dpeg_arrival_round_a, layout_loops_ring, ebering_ecumenical_altar_box
D:2:      layout_basic, minmay_pentomino_x4, uniq_jessica, uniq_robin
D:3:      layout_basic, mainiacjoe_overflow_small_starburst, serial_shops,
          nicolae_lakefront_shop, uniq_ijyb, uniq_crazy_yiuf_cottage,
          uniq_terence
D:4:      layout_loops_cross, serial_bayou_lagoon_a, minmay_checkerbox,
          uniq_sigmund
D:5:      layout_cave_pods, biasface_ghost_orc_armoury
D:6:      layout_rooms, mainiacjoe_overflow_surrounded_room,
          hangedman_decor_push, uniq_eustachio, uniq_edmund
D:7:      layout_loops_cross, lemuel_crystal_altar,
          minmay_temple_entry_glassed_door, lightli_bailey_entry_fortress,
          serial_shops, nicolae_shop_hallway_stairs, nicolae_eternal_life,
          minmay_misc_feat_encased, kennysheep_generic_room_12, uniq_pikel,
          uniq_joseph, uniq_maggie
D:8:      layout_basic, lemuel_mausoleum_altar_kikubaaqudgha,
          nicolae_elyvilon_peaceful_grove, david_lair_generic, serial_curves,
          eino_curves_01, eino_curves_01, eino_curves_03, eino_curves_03,
          serial_shops, nicolae_shop_behind_doors, nicolae_diamond_shop, shop,
          nicolae_shop_temple_entry_statues_fountains, nicolae_shop_stone,
          nicolae_shop_unique_rings, serial_park_tiny_1, uniq_prince_ribbit1
D:9:      minmay_gate_of_8, layout_long_grid, kennysheep_mini_moat,
          minmay_misc_feat_four_crosses
D:10:     minmay_the_grid_3x2 [minmay_the_grid_small_cups,
          minmay_the_grid_tri_star, minmay_the_grid_stretched_grid,
          minmay_the_grid_diamond_grid, minmay_the_grid_outer_circle,
          minmay_the_grid_prize_diamond_cup], layout_irregular_city,
          gammafunk_temple_overflow_forgotten, corexii_checkpoint_a,
          uniq_nergalle
D:11:     layout_irregular_city, orc_0_dummy, hangedman_stone_soup,
          kennysheep_generic_room_14
D:12:     layout_gridville, serial_shops, nicolae_inconvenience_store
D:13:     layout_roguey, grunt_vaults_entry_tiered
D:14:     layout_layer_cave, minmay_misc_feat_more_columns
D:15:     grunt_enter_depths_snipers, layout_layer_cave,
          nicolae_uskayaw_murder_on_the_dancefloor, minmay_beelzebubs_servants
Lair:1:   layout_cellular_growth, nicolae_volcano_entry_batcave,
          beast_lair_carwin_2
Lair:2:   layout_chaotic_city, shoals_dummy_entry,
          minmay_snake_entry_six_corridors, ebering_ghost_reflecting_pool,
          tgw_fedhas
Lair:3:   layout_chaotic_city
Lair:4:   layout_loops_ring, serial_bayou_crossing, grunt_megastairs_4
Lair:5:   minmay_lair_end_frog_pond, layout_long_grid,
          dpeg_slime_entry_enclosed, basic_altar, serial_bayou_shore_b
Orc:1:    layout_caves, basic_altar, uniq_jorgrun, uniq_fannar
Orc:2:    st_orc_ogre_mass, layout_caves, serial_shops, shop, uniq_saint_roka

Skill      XL: |  1  2  3  4  5  6  7  8  9 10 11 12 13 14 15 |
---------------+----------------------------------------------+-----
Unarmed Combat | 4 5 7 9 10 12 14 16 18 19 | 19.0
Throwing       | 1 2 4 8 |  8.0
Armour         | 2 3 4 5 |  5.5
Fighting       | 3 4 6 7 9 |  9.0
Dodging        | 1 4 |  4.0
Shields        | 10 13 | 13.5
Spellcasting   | |  1.0
Fire Magic     | |  2.1

Action                   |  1- 3 |  4- 6 |  7- 9 | 10-12 | 13-15 || total
-------------------------+-------+-------+-------+-------+-------++-------
Melee: Unarmed           |    63 |   138 |   231 |   414 |  1004 ||  1850
       Punch             |     4 |     2 |    12 |    31 |    28 ||    77
Throw: Javelin           |    12 |    50 |    21 |       |       ||    83
       Boomerang         |       |     6 |    22 |   132 |    93 ||   253
       Large rock        |       |       |       |       |    65 ||    65
Invok: Fiery Armour      |     1 |     2 |     2 |     8 |       ||    13
  Use: Scroll            |     6 |     5 |     9 |     7 |    13 ||    40
       Potion            |     1 |     4 |     3 |     3 |     7 ||    18
Armor: Robe              |    17 |    57 |     7 |       |       ||    81
       Pearl dragon scal |       |       |   134 |   250 |   590 ||   974
       Skin              |       |       |     2 |       |       ||     2
Dodge: Dodged            |    31 |    49 |    66 |   160 |   275 ||   581
       Repelled          |       |       |       |     1 |     4 ||     5
Block: Kite shield       |       |       |       |       |   112 ||   112
       Tower shield      |       |       |       |       |   503 ||   503

Table legend:
 A = Non-vault XP
 B = Vault XP
 C = Vault XP percentage of total XP
 D = Non-vault monster count
 E = Vault monster count
 F = Vault count percentage of total count
                 A         B        C        D         E       F
            +---------+---------+-------+---------+---------+-------
      Total |   89059 |   47551 |  34.8 |     563 |     197 |  25.9
            +---------+---------+-------+---------+---------+-------
        D:1 |      31 |       0 |   0.0 |      16 |       0 |   0.0
        D:2 |      77 |      80 |  51.0 |      31 |      15 |  32.6
        D:3 |      81 |      72 |  47.1 |      28 |       2 |   6.7
        D:4 |     256 |     272 |  51.5 |      25 |       5 |  16.7
        D:5 |     721 |       0 |   0.0 |      36 |       0 |   0.0
        D:6 |     570 |     367 |  39.2 |      22 |       2 |   8.3
        D:7 |    1274 |    1749 |  57.9 |      27 |      16 |  37.2
        D:8 |    1450 |    2045 |  58.5 |      27 |      17 |  38.6
        D:9 |    2427 |       0 |   0.0 |      26 |       0 |   0.0
       D:10 |    1352 |    6113 |  81.9 |      18 |      20 |  52.6
       D:11 |    3424 |    1307 |  27.6 |      10 |       5 |  33.3
       D:12 |    5847 |     392 |   6.3 |      20 |       2 |   9.1
       D:13 |    3211 |    7857 |  71.0 |      10 |      23 |  69.7
       D:14 |   11876 |       0 |   0.0 |      24 |       0 |   0.0
       D:15 |    4572 |    5984 |  56.7 |      11 |      12 |  52.2
     Lair:1 |    9218 |    1097 |  10.6 |      34 |       7 |  17.1
     Lair:2 |    5765 |    1482 |  20.4 |      24 |       6 |  20.0
     Lair:3 |    4128 |       0 |   0.0 |      20 |       0 |   0.0
     Lair:4 |    7505 |     502 |   6.3 |      23 |       2 |   8.0
     Lair:5 |   15947 |    8971 |  36.0 |      38 |      34 |  47.2
      Orc:1 |    6793 |    3896 |  36.4 |      74 |      14 |  15.9
      Orc:2 |    2534 |    5365 |  67.9 |      19 |      15 |  44.1
            +---------+---------+-------+---------+---------+-------
